 Dungeon Crawl Stone Soup version 0.21.1-1-g345015f (webtiles) character file.

196 Supreme the Digger (level 5, -1/28 HPs)
             Began as a Gargoyle Earth Elementalist on Apr 14, 2018.
             Killed by divine providence
             ... invoked by an orc priest
              (9 damage)
             ... on level 3 of the Dungeon.
             The game lasted 00:19:27 (2387 turns).

Supreme the Digger (Gargoyle Earth Elementalist)    Turns: 2387, Time: 00:19:28

Health: -1/28      AC:  6    Str: 12    XL:     5   Next: 75%
Magic:  6/9        EV: 12    Int: 16    God:
Gold:   224        SH:  5    Dex: 10    Spells: 3/10 levels left

rFire    . . .     SeeInvis .   u - +1 dagger (holy)
rCold    . . .     Gourm    .   B - +2 buckler
rNeg     + . .     Faith    .   c - +0 robe
rPois    ∞         Spirit   .   (no helmet)
rElec    +         Reflect  .   (no cloak)
rCorr    .         Harm     .   (no gloves)
MR       .....                  (no boots)
Stlth    ++........             h - amulet of rage
HPRegen  0.09/turn              (no ring)
MPRegen  0.11/turn              (no ring)

@: no status effects
A: negative energy resistance 1, electricity resistance, unbreathing,
petrification resistance, rot immunity, AC +4
a: Evoke Berserk Rage


You were on level 3 of the Dungeon.
You were not hungry.

You visited 1 branch of the dungeon, and saw 3 of its levels.

You collected 224 gold pieces.

Inventory:

Hand Weapons
 g - a +0 club
 k - a +0 hunting sling
 m - a +0 dagger
 o - a +0 dagger
 u - a +1 dagger of holy wrath (weapon)
 y - a +0 whip
 z - a +0 spear
 E - a +4 quarterstaff of chaos
 G - a +0 mace
Missiles
 b - 28 stones (quivered)
 n - 54 arrows
 s - 10 poisoned needles
Armour
 c - a +0 robe (worn)
 B - a +2 buckler (worn)
 F - a +0 cloak
Jewellery
 h - an amulet of rage (around neck)
 w - an uncursed ring of poison resistance
Wands
 D - a wand of polymorph (4)
Scrolls
 a - a scroll of fog {unknown}
 i - a scroll of magic mapping {unknown}
 j - 2 scrolls of fear {unknown}
 l - 2 scrolls of enchant weapon {unknown}
 p - a scroll of blinking {unknown}
 q - 3 scrolls of identify {unknown}
 C - a scroll of remove curse {unknown}
 H - a scroll of random uselessness {unknown}
Potions
 f - a potion of ambrosia {unknown}
 t - 2 potions of heal wounds {unknown}
 v - a potion of agility {unknown}
 x - 2 potions of curing {unknown}
 I - a potion of degeneration {unknown}
Books
 e - a book of Geomancy

   Spells                             Type                      Level
   a - Sandblast                      Earth                        1
   b - Passwall                       Transmutation/Earth          2
   c - Stone Arrow                    Conjuration/Earth            3
   d - Petrify                        Transmutation/Earth          4
   e - Lee's Rapid Deconstruction     Earth                        5
 r - a book of Necromancy

   Spells                             Type                      Level
   a - Pain                           Necromancy                   1
   b - Animate Skeleton               Necromancy                   1
   c - Vampiric Draining              Necromancy                   3
   d - Regeneration                   Charms/Necromancy            3
   e - Animate Dead                   Necromancy                   4
   f - Borgnjor's Vile Clutch         Necromancy/Earth             5
Comestibles
 d - 4 rations
 A - a chunk of flesh


   Skills:
 + Level 0.5 Fighting
 + Level 0.4 Maces & Flails
 + Level 2.2 Dodging
 + Level 3.5 Stealth
 * Level 1.3 Shields
 + Level 3.2 Spellcasting
 + Level 0.2 Necromancy
 + Level 0.8 Transmutations
 + Level 4.8 Earth Magic


You had 3 spell levels left.
You knew the following spells:

 Your Spells              Type           Power        Failure   Level  Hunger
a - Sandblast             Erth           ###...       3%          1    None
b - Passwall              Tmut/Erth      ##........   12%         2    ##.....
c - Stone Arrow           Conj/Erth      ##....       28%         3    ###....
d - Animate Skeleton      Necr           N/A          24%         1    None


Dungeon Overview and Level Annotations

Branches:
Dungeon (3/15)

Altars:
Ru
The Shining One


Innate Abilities, Weirdness & Mutations

You are resistant to torment.
Your stone body is resilient. (AC +4)
You are immune to poison.
You resist negative energy. (rN+)
You are resistant to electric shocks. (rElec)
You can survive without breathing.
You are immune to petrification.
You are immune to rotting.


Message History

Aiming: Sandblast
Press: ? - help, Shift-Dir - straight line, f/p - orc priest
Aim: an orc priest, wielding a mace and wearing a leather armour The blast of sand misses the orc priest.
b - 29 stones The orc priest invokes the aid of Beogh against you.
Beogh smites you!
* * * LOW HITPOINT WARNING * * *
You hear a shout!
Casting: Sandblast
Confirm with . or Enter, or press ? or * to list all spells.
Aiming: Sandblast
Press: ? - help, Shift-Dir - straight line, f/p - orc priest
Aim: an orc priest, wielding a mace and wearing a leather armour The blast of sand hits the orc priest.
The orc priest is almost dead.
b - 28 stones The orc priest calls down the wrath of Beogh upon you.
Beogh smites you!
You die...

##..o## ## ##....<# #.
###.......### ####.
...........# #....
##...o...#.# #.###
##..oo.##.# ####.#
##...###.#######....###
###o####.##......#..)..
#.....@............>###
#.#.####...###.........
.#.......#.##.##.#.###
.)........###.##.#.# #
.#######.####.##.#.# #
#. #....#.#..### # #
#..#.#.#.## #......#.#
###.###..#.### ##


You could see an orc priest.

Vanquished Creatures
  Crazy Yiuf (D:3)
  An orc wizard (D:3)
  Jessica (D:3)
  Ijyb (D:3)
  3 adders
  A dart slug (D:1)
  2 leopard geckos
  An orc (D:3)
  5 giant cockroaches
  9 goblins
  9 hobgoblins
  2 quokkas
  8 bats
  2 frilled lizards
  2 kobolds
  8 rats
56 creatures vanquished.

Vanquished Creatures (collateral kills)
  A hobgoblin (D:3)
  A frilled lizard (D:3)
2 creatures vanquished.

Grand Total: 58 creatures vanquished

Notes
Turn   | Place    | Note
-------+----------+-------------------------------------------
     0 | D:1      | Supreme the Gargoyle Earth Elementalist began the quest for the Orb.
     0 | D:1      | Reached XP level 1. HP: 10/10 MP: 3/3
   290 | D:1      | Reached skill level 4 in Earth Magic
   290 | D:1      | Reached XP level 2. HP: 10/15 MP: 3/5
   294 | D:1      | Learned a level 2 spell: Passwall
   807 | D:1      | Reached XP level 3. HP: 15/19 MP: 6/6
   812 | D:1      | Learned a level 3 spell: Stone Arrow
  1299 | D:2      | Learned a level 1 spell: Animate Skeleton
  1513 | D:2      | Found a glowing golden altar of the Shining One.
  1520 | D:2      | Reached XP level 4. HP: 24/24 MP: 3/7
  1733 | D:3      | Noticed Jessica
  1884 | D:3      | Found a sacrificial altar of Ru.
  1987 | D:3      | Found a runed door.
  1996 | D:3      | Noticed Crazy Yiuf
  2007 | D:3      | Killed Crazy Yiuf
  2007 | D:3      | Reached XP level 5. HP: 28/28 MP: 0/9
  2068 | D:3      | Noticed Ijyb
  2074 | D:3      | Killed Jessica
  2074 | D:3      | Reached skill level 1 in Shields
  2277 | D:3      | Killed Ijyb
  2387 | D:3      | Killed from afar by an orc priest

Skill      XL: |  1  2  3  4  5 |
---------------+----------------+-----
Earth Magic    | 4 |  4.8
Stealth        | 3 |  3.5
Dodging        | 2 |  2.2
Spellcasting   | 3 |  3.2
Shields        | 1 |  1.3
Fighting       | |  0.5
Maces & Flails | |  0.4
Necromancy     | |  0.2
Transmutations | |  0.8

Action                   |  1- 3 |  4- 6 || total
-------------------------+-------+-------++-------
Melee: Club              |    32 |       ||    32
       Unarmed           |     2 |     2 ||     4
       Dagger            |    55 |   143 ||   198
 Cast: Sandblast         |    24 |    35 ||    59
       Passwall          |     1 |     2 ||     3
       Animate Skeleton  |       |     5 ||     5
       Stone Arrow       |       |     2 ||     2
 Stab: Sleeping          |     5 |     4 ||     9
       Distracted        |       |     1 ||     1
  Eat: Chunk             |     2 |     4 ||     6
Armor: Robe              |    30 |    36 ||    66
       Skin              |       |    13 ||    13
Dodge: Dodged            |    74 |    63 ||   137
Block: Buckler           |       |    40 ||    40
